Map: Snowy Mesa

Players

shincharles

  • Race: Terran Terran

SAMARTINEZ

  • Race: Protoss Protoss

SPARKEATER - Winner!

  • Race: Terran Terran
  • League: Platinum

Paniolo - Winner!

  • Race: Terran Terran

VOD

Have the link to the VOD?

Description

Time

  • Played on: July 12, 2016, 11:11 p.m.
  • Length: 10:12
Show
View Real Time Build Order
Export as new Build Order

shincharles Terran 

Build Orders: Reaper Expand, MMM Bio 

Get SALT Encoding   

  12  0:01  SCV  
  13  0:13  SCV  
  14  0:18  Supply Depot  
  14  0:25  SCV  
  15  0:29  Refinery  
  15  0:43  Barracks  
  15  0:45  SCV  
  16  0:57  SCV  
  17  1:09  SCV  
  18  1:21  SCV  
  19  1:34  Orbital Command  
  19  1:35  Reaper  
  20  1:49  Command Center  
  20  1:56  Factory  
  20  2:01  SCV  
  21  2:13  SCV  
  22  2:15  Supply Depot  
  22  2:25  SCV  
  22  2:27  Refinery  
  23  2:37  SCV  
  23  2:39  Supply Depot  
  23  2:49  SCV  
  24  3:09  SCV  
  24  3:11  Widow Mine  
  27  3:15  Barracks Tech Lab, Starport  
  27  3:21  SCV  
  27  3:27  Orbital Command  
  28  3:33  SCV  
  29  3:39  Widow Mine  
  31  3:42  Stimpack  
  30  3:49  Barracks  
  30  3:50  Barracks  
  30  3:51  Barracks  
  27  4:12  Starport Reactor, Marauder  
  27  4:14  SCV x2  
  31  4:26  SCV x2  
  33  4:33  Marauder  
  34  4:39  Marine x2  
  34  4:42  SCV  
  36  4:52  Marine  
  37  4:54  SCV  
  37  4:55  Marauder  
  37  4:56  Marine  
  41  5:00  Marine  
  41  5:01  SCV  
  43  5:10  Marine  
  44  5:14  Medivac, Marine  
  44  5:15  SCV  
  44  5:16  SCV, Marauder  
  44  5:20  Marine  
  52  5:28  SCV x2  
  54  5:40  Supply Depot  
  54  5:41  Supply Depot  
  54  5:43  Combat Shields  
  54  5:53  Marine  
  54  5:54  SCV x2  
  54  5:55  Marine  
  54  5:57  Marine  
  54  6:02  Marauder  
  56  6:06  SCV x2  
  56  6:11  Marine  
  58  6:13  Marine  
  58  6:15  Marine  
  60  6:18  SCV x2  
  60  6:22  Medivac x2  
  60  6:23  Marine  
  67  6:28  Marine  
  67  6:30  SCV  
  67  6:31  SCV  
  70  6:42  Supply Depot x2  
  70  6:43  Engineering Bay  
  70  6:44  Marine x2  
  70  6:45  SCV x2, Marauder  
  70  6:46  Marine  
  74  6:57  SCV x2  
  76  7:02  Marine x2  
  76  7:04  Marine  
  76  7:06  Marauder  
  81  7:09  SCV x2  
  81  7:11  Concussive Shells  
  81  7:12  Medivac x2  
  87  7:20  Refinery x2, Marine x2  
  87  7:21  SCV x2  
  91  7:33  SCV x2  
  91  7:34  Marauder  
  96  7:43  Barracks Reactor x2  
  96  7:44  Barracks Tech Lab  
  95  7:45  SCV x2  
  97  7:55  Marauder  
  97  7:57  Terran Infantry Weapons Level 1  
  99  8:01  Engineering Bay, Armory  
  99  8:02  Barracks  
  99  8:03  Barracks  
  99  8:04  Marine  
  100  8:06  SCV x2  
  100  8:08  Medivac  
  102  8:16  Marine  
  84  8:23  Marine x4, Marauder  
  90  8:35  Marauder  
  90  8:39  Command Center  
  90  8:41  Marine x4  
  93  8:44  Marauder  
  98  8:49  Medivac  
  98  8:54  Barracks Tech Lab  
  101  8:55  Marine  
  101  8:56  Barracks Reactor  
  101  8:58  Marine  
  102  9:05  Marine x2  
  102  9:06  Marine, Marauder  
  107  9:14  Marauder  
  107  9:16  Marine  
  110  9:19  Marauder  
  112  9:26  Marine x2  
  112  9:27  Marine, Marauder  
  117  9:34  SCV  
  118  9:38  SCV  
  118  9:50  SCV x2, Marine x6, Marauder x3  
Show
View Real Time Build Order
Export as new Build Order

SAMARTINEZ Protoss 

Build Orders:  

Get SALT Encoding   

  12  0:01  Probe (Chrono Boost)  
  13  0:12  Probe (Chrono Boost)  
  14  0:22  Pylon  
  14  0:24  Probe (Chrono Boost)  
  15  0:41  Probe (Chrono Boost)  
  16  0:51  Probe (Chrono Boost)  
  17  1:02  Probe (Chrono Boost)  
  18  1:12  Probe (Chrono Boost)  
  18  1:15  Nexus  
  19  1:23  Probe (Chrono Boost)  
  20  1:28  Gateway  
  20  1:33  Probe (Chrono Boost)  
  21  1:44  Assimilator, Probe (Chrono Boost)  
  22  1:48  Assimilator  
  22  1:54  Probe (Chrono Boost)  
  22  1:55  Pylon  
  23  2:13  Probe (Chrono Boost)  
  23  2:18  Cybernetics Core  
  23  2:23  Probe (Chrono Boost)  
  24  2:31  Probe (Chrono Boost)  
  24  2:34  Probe (Chrono Boost)  
  24  2:36  Pylon  
  24  2:37  Forge  
  26  2:41  Probe (Chrono Boost)  
  26  2:44  Warp Gate  
  27  2:45  Probe (Chrono Boost)  
  28  2:52  Probe (Chrono Boost)  
  28  2:56  Probe (Chrono Boost)  
  30  3:02  Probe (Chrono Boost)  
  31  3:10  Photon Cannon, Mothership Core (Chrono Boost)  
  33  3:13  Protoss Ground Weapons Level 1, Probe (Chrono Boost)  
  33  3:18  Robotics Facility  
  34  3:24  Probe (Chrono Boost)  
  35  3:30  Probe (Chrono Boost)  
  36  3:36  Probe (Chrono Boost)  
  38  3:42  Gateway, Probe (Chrono Boost)  
  39  3:48  Probe (Chrono Boost)  
  39  3:52  Photon Cannon  
  39  3:54  Probe (Chrono Boost)  
  40  4:00  Probe (Chrono Boost)  
  39  4:06  Probe (Chrono Boost)  
  40  4:12  Probe (Chrono Boost)  
  40  4:16  Assimilator  
  42  4:18  Probe (Chrono Boost)  
  42  4:20  Assimilator  
  42  4:23  Gateway  
  43  4:25  Probe (Chrono Boost)  
  43  4:26  Observer, Pylon  
  43  4:30  Probe (Chrono Boost)  
  45  4:37  Probe (Chrono Boost)  
  46  4:42  Probe (Chrono Boost)  
  47  4:57  Stalker  
  47  4:58  Stalker  
  52  5:08  Probe (Chrono Boost)  
  52  5:20  Probe (Chrono Boost)  
  53  5:28  Stalker x3  
  55  5:30  Protoss Ground Armor Level 1  
  55  5:32  Probe (Chrono Boost)  
  56  5:44  Probe (Chrono Boost)  
  56  5:45  Pylon  
  57  5:52  Probe (Chrono Boost)  
  57  5:55  Adept  
  57  5:56  Probe (Chrono Boost)  
  60  6:04  Probe (Chrono Boost)  
  60  6:05  Immortal  
  60  6:06  Gateway  
  60  6:08  Pylon  
  62  6:15  Adept  
  62  6:16  Adept x2  
  68  6:23  Gateway  
  68  6:24  Gateway  
  68  6:28  Gateway  
  68  6:39  Immortal  
  70  6:41  Probe x2 (Chrono Boost)  
  70  6:46  Stargate  
  74  7:06  Stargate  
  74  7:09  Gateway  
  74  7:10  Pylon  
  74  7:14  Pylon  
  74  7:15  Photon Cannon  
  74  7:21  Observer  
  74  7:24  Twilight Council  
  74  7:27  Pylon  
  74  7:29  Adept  
  77  7:30  Adept x3  
  83  7:43  Phoenix  
  85  7:50  Resonating Glaives, Phoenix  
  87  8:08  Phoenix  
  89  8:15  Zealot, Phoenix  
  89  8:16  Zealot x4  
  101  8:33  Nexus  
  101  8:35  Phoenix  
  102  9:02  Pylon  
  102  9:16  Pylon  
  102  9:17  Assimilator  
  102  9:21  Assimilator  
  102  9:23  Pylon  
  104  9:27  Pylon  
  104  9:31  Templar Archives  
  102  9:33  Dark Shrine  
  102  9:35  Stalker x4  
Show
View Real Time Build Order
Export as new Build Order

SPARKEATER Terran - Winner!

Build Orders:  

Get SALT Encoding   

  12  0:00  SCV  
  13  0:13  SCV  
  14  0:22  Supply Depot  
  14  0:25  SCV  
  15  0:43  SCV  
  15  0:44  Barracks  
  16  0:55  SCV  
  17  1:11  Command Center  
  17  1:15  SCV  
  18  1:28  SCV  
  18  1:31  Marine  
  20  1:34  Supply Depot  
  20  1:38  Refinery  
  20  1:45  SCV  
  21  1:59  Refinery, Orbital Command  
  21  2:16  Marine  
  22  2:24  Orbital Command, Barracks  
  22  2:29  SCV  
  23  2:34  Marine  
  24  2:39  Orbital Command  
  24  2:40  Factory  
  25  2:44  SCV  
  25  2:52  Marine  
  25  2:56  SCV  
  27  3:05  Barracks  
  27  3:08  SCV  
  27  3:10  SCV  
  29  3:20  SCV  
  29  3:22  SCV  
  31  3:28  Starport  
  31  3:32  SCV, Barracks Tech Lab  
  33  3:34  SCV  
  32  3:44  SCV  
  32  3:46  SCV  
  32  3:48  Marine  
  35  3:56  SCV  
  35  3:57  Supply Depot  
  35  3:58  SCV  
  35  4:00  Stimpack  
  37  4:05  Medivac  
  37  4:06  Marine  
  37  4:09  SCV  
  41  4:10  SCV  
  41  4:11  Marine x2  
  44  4:21  SCV  
  44  4:22  SCV, Engineering Bay  
  44  4:24  Marine  
  46  4:28  Refinery  
  46  4:29  Supply Depot, Marine x2  
  49  4:33  SCV  
  49  4:35  Medivac  
  52  4:41  Marine  
  53  4:47  Marine  
  53  4:50  Marine  
  55  4:59  Marine  
  56  5:01  Command Center  
  56  5:05  Terran Infantry Weapons Level 1, Supply Depot  
  56  5:06  Barracks Reactor  
  56  5:08  Marine  
  57  5:14  Barracks  
  57  5:16  Barracks  
  57  5:17  Missile Turret, Marine  
  58  5:44  Medivac, SCV, Marine x2  
  63  5:53  Marine, Marauder  
  63  5:56  Factory Reactor  
  66  6:02  Marine x2  
  63  6:11  Marine  
  60  6:14  Medivac, Marine  
  60  6:15  Marauder, Marine  
  65  6:20  Marine  
  65  6:22  Marine  
  67  6:28  Marine  
  67  6:32  Marine x2  
  65  6:36  Marauder  
  65  6:38  Marine  
  65  6:40  Marine  
  65  6:42  SCV x2  
  65  6:46  Marine  
  69  6:50  Marine x2  
  69  6:56  Marine  
  69  6:57  Marauder  
  69  6:58  Marine  
  73  7:04  Marine  
  73  7:08  Marine x2  
  74  7:13  Marine  
  77  7:16  Marine  
  77  7:19  Marauder  
  77  7:22  Marine  
  81  7:26  Marine x2  
  83  7:31  Marine  
  83  7:33  Marine  
  85  8:14  Marine  
  85  8:15  Marine x4  
  85  8:16  Medivac, Marauder  
  78  8:28  SCV  
  78  8:29  SCV  
  78  8:31  Orbital Command  
  78  8:32  Marine x3  
  78  8:33  Marine x2  
  85  8:41  Refinery  
  85  9:39  Marine  
  85  9:40  Medivac  
  85  9:41  Marine  
  85  9:47  SCV  
  85  9:48  Marine x3  
  85  9:49  Marauder  
Show
View Real Time Build Order
Export as new Build Order

Paniolo Terran - Winner!

Build Orders:  

Get SALT Encoding   

  12  0:01  SCV  
  13  0:13  SCV  
  14  0:18  Supply Depot  
  14  0:27  SCV  
  15  0:31  Refinery  
  15  0:39  SCV  
  16  0:51  Barracks  
  16  0:54  SCV  
  17  1:12  Barracks  
  17  1:14  SCV  
  18  1:22  Refinery  
  18  1:27  SCV  
  19  1:39  SCV  
  20  1:40  Reaper  
  21  1:51  SCV  
  21  1:54  Barracks  
  22  2:01  Reaper  
  23  2:27  Supply Depot  
  23  2:29  Supply Depot  
  23  2:32  SCV  
  23  2:49  SCV  
  24  3:01  SCV  
  24  3:09  Reaper  
  24  3:10  Reaper  
  24  3:12  Reaper  
  26  3:14  SCV  
  27  3:40  Factory  
  27  3:41  Reaper  
  27  3:42  Reaper  
  27  3:44  Reaper  
  30  4:03  Command Center  
  30  4:14  Reaper x2  
  30  4:15  SCV  
  30  4:16  Reaper  
  32  4:48  Reaper  
  29  5:00  SCV  
  29  5:04  Factory Tech Lab  
  30  5:07  Starport  
  30  5:09  Barracks Reactor x2  
  28  5:22  SCV  
  28  5:27  Refinery  
  29  5:31  Engineering Bay  
  29  5:35  SCV x2  
  30  5:44  Marine  
  30  5:47  SCV x2, Marine x2  
  30  5:48  Marine x2  
  37  5:51  Siege Tank  
  37  5:56  Starport Reactor  
  40  5:59  SCV x2  
  42  6:11  Marine x2  
  38  6:12  Marine  
  38  6:15  SCV  
  38  6:17  Refinery  
  30  7:15  Planetary Fortress  
  30  7:17  Planetary Fortress  
  30  7:41  Barracks  
  30  7:45  Barracks  
  21  8:06  Barracks  
  21  8:08  Barracks x2  
  21  8:13  Barracks  
  21  8:14  Barracks  
  21  8:43  Command Center  
  21  8:52  SCV  
  21  8:58  Barracks Reactor x2  
  21  9:04  SCV  
  21  9:05  Barracks Tech Lab  
  22  9:13  Barracks Tech Lab  
  21  9:19  Barracks Tech Lab  
  21  9:31  Marauder  
  23  9:43  Barracks Reactor  
  23  9:47  Barracks Reactor  
  23  9:51  SCV  
  21  10:00  Barracks Reactor  
Tags
 
Add a new tag
Caveats
  • Supply blocks, unpowered buildings, or Contaminate may cause inaccurate times.
  • Supply counts are checked every 10 seconds.